Map: [ESL] Crimson Court

Players

Maplez - Winner!

  • Race: Protoss Protoss
  • Spawn Location: 1:00

eGGz

  • Race: Zerg Zerg
  • Spawn Location: 7:00

Event: ESL SC2 Masters 2024 Spring (Regional)

VOD

Have the link to the VOD?

Description

Time

  • Played on: April 20, 2024, 2:29 p.m.
  • Length: 9:37

All games in this series

Show
View Real Time Build Order
Export as new Build Order

Maplez Protoss - Winner!

Build Orders: Oracle Opening 

Get SALT Encoding   

  12  0:00  Probe  
  13  0:12  Probe  
  14  0:20  Pylon  
  14  0:24  Probe  
  15  0:38  Probe (Chrono Boost)  
  15  0:40  Gateway  
  16  0:46  Probe (Chrono Boost)  
  17  0:52  Probe  
  18  1:04  Probe  
  18  1:06  Gateway  
  18  1:10  Assimilator  
  19  1:16  Probe  
  20  1:28  Cybernetics Core  
  20  1:32  Zealot  
  22  1:35  Probe  
  23  1:45  Pylon  
  23  2:03  Probe, Adept (Chrono Boost)  
  23  2:04  Adept (Chrono Boost)  
  28  2:15  Probe  
  29  2:26  Warp Gate  
  29  2:39  Pylon  
  29  2:50  Nexus  
  29  2:54  Probe  
  29  2:57  Stalker (Chrono Boost)  
  32  3:04  Pylon  
  32  3:08  Shield Battery  
  32  3:14  Probe  
  32  3:21  Assimilator  
  32  3:25  Sentry (Chrono Boost)  
  32  3:26  Probe  
  35  3:31  Shield Battery  
  35  3:39  Probe  
  36  3:41  Oracle  
  36  3:46  Gateway  
  36  3:51  Probe (Chrono Boost)  
  36  3:55  Robotics Facility  
  37  4:03  Probe (Chrono Boost)  
  37  4:08  Pylon  
  37  4:09  Probe (Chrono Boost)  
  39  4:12  Probe (Chrono Boost)  
  41  4:17  Probe x2 (Chrono Boost)  
  41  4:23  Gateway  
  42  4:29  Probe (Chrono Boost)  
  42  4:30  Assimilator  
  44  4:32  Probe (Chrono Boost)  
  44  4:34  Assimilator, Probe (Chrono Boost)  
  45  4:39  Observer, Probe  
  45  4:43  Probe  
  48  4:50  Robotics Bay  
  48  4:51  Probe  
  49  4:55  Probe  
  49  4:58  Warp Prism (Chrono Boost), Gateway  
  50  5:04  Probe  
  53  5:07  Probe  
  53  5:12  Pylon  
  54  5:16  Probe  
  54  5:19  Probe  
  56  5:23  Gateway  
  56  5:27  Observer  
  56  5:32  Gateway  
  56  5:34  Disruptor (Chrono Boost)  
  57  5:39  Gravitic Drive  
  57  5:41  Probe  
  61  5:44  Sentry  
  61  5:46  Pylon  
  63  5:50  Sentry  
  63  5:53  Pylon, Probe  
  66  6:01  Probe  
  66  6:02  Colossus (Chrono Boost)  
  73  6:15  Probe  
  74  6:26  Observer, Stalker  
  74  6:27  Stalker x4  
  84  6:37  Pylon x2  
  82  6:41  Shield Battery x2  
  82  6:42  Pylon  
  82  6:44  Probe  
  79  6:50  Probe  
  79  6:52  Observer  
  80  6:57  Disruptor (Chrono Boost)  
  83  7:02  Stalker x3  
  89  7:09  Pylon  
  89  7:20  Stalker x3  
  95  7:29  Stalker x3  
  102  7:44  Probe  
  102  7:51  Stalker x4  
  98  7:56  Stalker, Adept x2  
  110  8:11  Pylon  
  110  8:12  Pylon  
  110  8:26  Probe  
  107  8:27  Pylon  
  107  8:29  Stalker x3  
  107  8:30  Stalker x2  
  115  8:36  Stalker  
  105  8:56  Zealot x6  
  105  9:02  Pylon  
  107  9:15  Stalker x3  
  107  9:26  Stalker x3  
  107  9:27  Stalker  
Show
View Real Time Build Order
Export as new Build Order

eGGz Zerg 

Build Orders: 3 Hatch before Pool 

Get SALT Encoding   

  12  0:00  Drone  
  13  0:13  Overlord  
  13  0:17  Drone  
  14  0:33  Drone x2  
  16  0:51  Hatchery  
  16  0:54  Drone  
  16  1:00  Drone  
  17  1:20  Drone  
  17  1:22  Drone  
  17  1:23  Extractor  
  18  1:28  Hatchery  
  17  1:41  Spawning Pool  
  17  1:43  Drone  
  17  1:47  Drone  
  17  1:51  Drone  
  19  1:57  Drone  
  20  2:08  Drone  
  21  2:28  Zergling x2  
  21  2:29  Metabolic Boost  
  22  2:30  Overlord  
  22  2:33  Extractor  
  22  2:34  Zergling x2  
  22  2:39  Spore Crawler, Queen  
  22  2:43  Zergling x4  
  27  2:44  Zergling x2  
  29  2:51  Zergling x2  
  29  2:52  Zergling x2  
  29  2:54  Queen  
  32  3:01  Zergling x2  
  33  3:11  Drone x2  
  34  3:14  Drone  
  34  3:21  Drone  
  34  3:24  Overlord  
  35  3:35  Hatchery  
  35  3:39  Overlord  
  34  3:44  Zergling x2  
  34  3:45  Zergling x2  
  36  3:51  Queen  
  36  3:54  Drone  
  39  4:05  Drone x3  
  39  4:07  Queen  
  44  4:12  Drone  
  44  4:13  Drone  
  46  4:21  Drone x3  
  49  4:29  Overlord  
  49  4:34  Spore Crawler  
  49  4:36  Drone x3  
  51  4:50  Drone  
  51  4:52  Unknown  
  51  4:53  Roach Warren  
  51  4:58  Drone x4  
  53  5:00  Overlord  
  53  5:02  Drone  
  53  5:05  Spore Crawler  
  53  5:12  Lair  
  53  5:15  Queen  
  53  5:20  Spore Crawler  
  54  5:21  Drone x2  
  54  5:24  Overlord  
  56  5:38  Roach x3  
  56  5:39  Roach x2  
  68  5:43  Roach x2  
  68  5:48  Drone x3  
  73  5:52  Roach x2  
  77  5:58  Drone x2  
  77  6:00  Ravager  
  77  6:01  Overlord, Ravager  
  77  6:04  Overlord  
  81  6:09  Overlord  
  81  6:19  Overseer  
  81  6:23  Roach x6, Zergling x2  
  81  6:25  Overlord  
  94  6:29  Ravager  
  95  6:42  Drone x10  
  98  6:56  Drone x4  
  98  6:57  Drone  
  98  7:00  Extractor  
  102  7:02  Roach, Spire  
  102  7:03  Roach  
  105  7:13  Drone, Hatchery  
  105  7:22  Overlord, Drone x3  
  108  7:24  Roach x2  
  108  7:25  Overlord  
  108  7:29  Overlord  
  113  7:33  Glial Reconstitution  
  113  7:34  Overlord  
  113  7:36  Overlord  
  109  7:49  Roach x10  
  121  7:55  Roach  
  123  8:00  Ravager x2  
  123  8:01  Roach x2  
  123  8:03  Queen x2  
  123  8:04  Queen  
  135  8:10  Roach x3  
  129  8:19  Roach x2  
  129  8:20  Roach  
  129  8:26  Roach x2  
  126  8:29  Ravager  
  126  8:30  Zergling x2, Ravager  
  119  8:36  Zergling x12  
  119  8:40  Zergling x6  
  111  8:52  Roach x3  
  88  9:00  Roach  
  88  9:01  Roach x4  
  80  9:10  Roach x2  
  80  9:16  Roach  
Tags
 
Add a new tag
Caveats
  • Supply blocks, unpowered buildings, or Contaminate may cause inaccurate times.
  • Supply counts are checked every 10 seconds.